 Dungeon Crawl Stone Soup version 0.30-a0-743-gbfdf073431 (webtiles) character file.

Game seed: 15858123916415052319

445 tilp the Slasher (level 7, -2/56 (59) HPs)
             Began as a Meteoran Fighter on Feb 7, 2023.
             Slain by a wight
             ... wielding a +4 trident of freezing
              (3 damage)
             ... on level 4 of the Dungeon.
             The game lasted 00:05:30 (1340 turns).

tilp the Slasher (Meteoran Fighter)                 Turns: 1340, Time: 00:05:31

HP:   -2/56 (59)    AC: 10    Str: 18    XL:     7   Next: 48%
MP:   8/8           EV:  9    Int: 10    God:
Gold: 115           SH:  6    Dex: 21    Spells: 6/6 levels left

rFire   . . .      SeeInvis .    a - +0 long sword
rCold   . . .      Faith    .    c - +0 buckler
rNeg    + . .      Spirit   .    d - +0 chain mail {Will+}
rPois   .          Reflect  .    t - +0 helmet
rElec   .          Harm     .    (no cloak)
rCorr   .          Rampage  .    (no gloves)
Will    +....                    (no boots) Stlth
                                 (no amulet)
HPRegen 0.29/turn                o - +6 ring of dexterity
MPRegen 0.11/turn                m - ring of positive energy

@: glowing, drained
A: sense surroundings 1, otherworldly, glowing, explore regen
a: no special abilities


You were on level 4 of the Dungeon.
You visited 1 branch of the dungeon, and saw 5 of its levels.

You collected 115 gold pieces.

Inventory:

Hand Weapons
 a - a +0 long sword (weapon)
 b - a +0 rapier
 i - a +2 whip of electrocution
Missiles
 f - 38 stones (quivered)
 p - 2 throwing nets
Armour
 c - a +0 buckler (worn)
 d - a +0 chain mail of willpower (worn)
 e - a +1 chain mail
 t - a +0 helmet (worn)
Jewellery
 m - a ring of positive energy (right hand)
 o - a +6 ring of dexterity (left hand)
 q - a ring of flight
Wands
 h - a wand of digging (4)
 n - a wand of roots (6)
 r - a wand of flame (17)
Scrolls
 g - a scroll of immolation {unknown}
 j - a scroll of fog {unknown}
 l - a scroll of enchant weapon {unknown}
 v - a scroll of vulnerability
Potions
 k - a potion of heal wounds {unknown}
 s - 2 potions of curing {unknown}
 u - a potion of might


   Skills:
 - Level 4.0 Fighting
 * Level 5.5 Long Blades
 + Level 1.2 Throwing
 - Level 4.0 Armour
 - Level 4.0 Dodging
 - Level 2.0 Stealth
 - Level 4.0 Shields
 + Level 1.2 Evocations


You had 6 spell levels left.
You didn't know any spells.
Your spell library was empty.

Dungeon Overview and Level Annotations

Branches:
Dungeon (5/15) Zot: 1600
 Temple: D:4-7

Altars:
Ashenzari
Hepliaklqana


Innate Abilities, Weirdness & Mutations

You passively map a small area around you.
You are easily found by Zot.
You glow in the dark.
You regain HP and MP as you explore.


Message History

The wight is severely damaged.
The wight hits you from afar with a +4 trident of freezing.
You partially resist.
You feel drained. The wight freezes you. The wight barely misses you.
You slash the wight!
You destroy the wight!
You block the wight's attack. The wight barely misses you.
Your Throwing skill increases to level 1!
Your Evocations skill increases to level 1!
The wight hits you with a +4 trident of freezing.
The wight freezes you.
Things that are here:
a +4 short sword of freezing; a +0 robe of the Archmagi You closely miss the wight.
You block the wight's attack.
You completely miss the wight.
The wight hits you with a +4 trident of freezing!
* * * LOW HITPOINT WARNING * * *
The wight freezes you.
* * * LOW HITPOINT WARNING * * *
You hit the wight.
The wight is lightly damaged.
The wight barely misses you.
You closely miss the wight.
The wight is lightly damaged.
The wight hits you but does no damage.
You slash the wight!
The wight is heavily damaged.
The wight hits you with a +4 trident of freezing!
* * * LOW HITPOINT WARNING * * *
You partially resist.
You feel drained.
* * * LOW HITPOINT WARNING * * *
The wight freezes you.
* * * LOW HITPOINT WARNING * * *
You hit the wight.
The wight is almost destroyed.
You block the wight's attack.
The wight hits you with a +4 trident of freezing!
* * * LOW HITPOINT WARNING * * *
The wight freezes you.
You die...

#.....####.###......##
#.....................
#..........#######..##
#.....##.....# #..#
#.....##.###.# #..#
##..####.# #.# #..##
#..# #.# #.#####...#
#####..####.#
#.......>..
#.....zz@...#
#######...#
#.###..####.#* #.### *
#... .. * #.# ,
#z###*#.....# #.# #.#*
#.....### #.# * * #..,
........, ..# ,* #.
##.....# *### ,
#.####......*** ,
,........#


You could see 2 wights.

Vanquished Creatures
  Pargi (D:3)
  A wight (D:4)
  A hound (D:3)
  A jelly (D:4)
  Ijyb (D:3)
  Natasha (twice) (D:3)
  Terence (D:3)
  Robin (D:3)
  5 adders
  4 gnolls (D:3)
  2 dart slugs
  3 endoplasms
  2 giant cockroaches
  10 goblins
  5 hobgoblins
  5 quokkas
  2 ball pythons
  6 bats
  A frilled lizard (D:3)
  3 kobolds
  3 rats
60 creatures vanquished.

Notes
Turn   | Place    | Note
-------+----------+-------------------------------------------
     0 | D:1      | tilp the Meteoran Fighter began the quest for the Orb.
     0 | D:1      | Reached XP level 1. HP: 19/19 MP: 2/2
   132 | D:2      | Reached XP level 2. HP: 26/26 MP: 3/3
   436 | D:2      | Reached skill level 1 in Dodging
   439 | D:2      | Reached XP level 3. HP: 31/31 MP: 4/4
   504 | D:3      | Noticed Terence
   512 | D:3      | Killed Terence
   513 | D:3      | Reached skill level 3 in Long Blades
   513 | D:3      | Reached skill level 1 in Stealth
   513 | D:3      | Reached XP level 4. HP: 30/38 MP: 5/5
   530 | D:3      | Noticed Ijyb
   539 | D:3      | Killed Ijyb
   540 | D:3      | Reached XP level 5. HP: 33/45 MP: 6/6
   724 | D:3      | Reached XP level 6. HP: 35/52 MP: 7/7
   746 | D:3      | Noticed Pargi
   760 | D:3      | Killed Pargi
   761 | D:3      | Reached skill level 4 in Long Blades
   846 | D:3      | Found a hazy altar of Hepliaklqana.
   848 | D:3      | Found a broken altar of Ashenzari.
   852 | D:3      | Noticed Natasha
   861 | D:3      | Killed Natasha
   924 | D:3      | Noticed Robin
   952 | D:3      | Killed Robin
   953 | D:3      | Reached XP level 7. HP: 24/59 MP: 8/8
  1024 | D:3      | Reached skill level 5 in Long Blades
  1187 | D:3      | Noticed Natasha
  1192 | D:3      | Killed Natasha
  1279 | D:5      | Entered Level 5 of the Dungeon
  1334 | D:4      | Reached skill level 1 in Throwing
  1334 | D:4      | Reached skill level 1 in Evocations
  1340 | D:4      | HP: 1/56 [wight/+4 trident of freezing (7)]
  1340 | D:4      | Slain by a wight

Illustrated notes

Levels and vault maps discovered:
D:1:      giann_bridges, layout_loops_ring, amcnicky_mini_corridor_feature
D:2:      layout_loops_corners, shapermc_ecumenical_altar_starsandcircs,
          lightli_corner_chamber
D:3:      layout_basic, chequers_temple_overflow_statue_of_worship,
          saegor_snake_ambush, uniq_robin, uniq_ijyb, uniq_pargi, uniq_terence,
          uniq_natasha
D:4:      layout_loops_ring, gammafunk_ghost_nasty_kobolds
D:5:      layout_cave_pools, nicolae_vehumet_radiance,
          nicolae_gozag_seed_capital

Skill      XL: |  1  2  3  4  5  6  7 |
---------------+----------------------+-----
Dodging        | 1 2 3 4 |  4.0
Long Blades    | 3 4 5 |  5.5
Stealth        | 1 2 |  2.0
Armour         | 4 |  4.0
Shields        | 4 |  4.0
Fighting       | 4 |  4.0
Throwing       | 1 |  1.2
Evocations     | 1 |  1.2

Action                     |  1- 3 |  4- 6 |  7- 9 || total
---------------------------+-------+-------+-------++-------
  Melee: Long sword        |    65 |   114 |    53 ||   232
  Evoke: Wand              |       |     3 |       ||     3
    Use: Scroll            |     2 |       |       ||     2
         Potion            |     1 |       |       ||     1
 Armour: Chain mail        |    63 |    87 |    26 ||   176
  Dodge: Dodged            |    31 |    44 |    28 ||   103
  Block: Buckler           |    17 |    41 |    17 ||    75

Table legend: (Time is in decaauts)
 A = Elapsed time spent in this place.
 B = Non-inter-level travel time spent in this place.
 C = Inter-level travel time spent in this place.
 D = Time resting spent in this place.
 E = Time spent auto-exploring this place.
 F = Levels seen in this place.
 G = Mean time per level.
                   A        B        C        D        E       F      G
               +--------+--------+--------+--------+--------+-----+--------+
         Total |   1398 |   1268 |    130 |      0 |      0 |   5 |  279.6 |
       Dungeon |   1398 |   1268 |    130 |      0 |      0 |   5 |  279.6 |
               +--------+--------+--------+--------+--------+-----+--------+

Top non-repeatable levels by time:
     D:3: 841 daAuts
     D:2: 297 daAuts
     D:1: 130 daAuts
     D:4: 127 daAuts
     D:5: 1 daAuts
